Map: Ice and Chrome LE

Players

Astrea - Winner!

  • Race: Protoss Protoss
  • Spawn Location: 1:00

Vindicta

  • Race: Terran Terran
  • Spawn Location: 7:00

Event: DreamHack SC2 Masters 2020 Summer North America

VOD

Have the link to the VOD?

Description

Time

  • Played on: June 30, 2020, 7:02 p.m.
  • Length: 25:49

All games in this series

Show
View Real Time Build Order
Export as new Build Order

Astrea Protoss - Winner!

Build Orders: 1 Gate Expand, Blink Stalkers 

Get SALT Encoding   

  12  0:00  Probe  
  13  0:13  Probe  
  14  0:18  Pylon  
  14  0:23  Probe  
  15  0:32  Probe  
  15  0:38  Gateway  
  15  0:40  Probe  
  16  0:47  Assimilator  
  17  0:52  Probe  
  18  1:04  Probe  
  19  1:16  Probe  
  20  1:25  Cybernetics Core  
  20  1:33  Nexus  
  20  1:37  Probe  
  21  1:45  Pylon  
  21  1:49  Probe  
  21  1:52  Assimilator  
  21  1:53  Adept  
  23  2:01  Probe  
  25  2:09  Shield Battery  
  25  2:10  Probe  
  25  2:14  Warp Gate  
  26  2:18  Probe  
  27  2:26  Stalker  
  27  2:27  Probe  
  29  2:39  Probe  
  29  2:44  Probe  
  30  2:52  Probe x2  
  30  2:55  Twilight Council  
  32  3:00  Probe  
  32  3:04  Probe  
  34  3:13  Blink, Robotics Facility  
  34  3:14  Probe  
  34  3:16  Probe  
  36  3:27  Probe  
  37  3:28  Probe  
  38  3:39  Probe, Gateway  
  38  3:40  Gateway  
  39  3:43  Probe  
  39  3:48  Pylon  
  40  3:51  Probe  
  40  3:55  Probe, Observer  
  43  4:03  Probe  
  43  4:07  Probe  
  43  4:08  Stalker  
  43  4:09  Assimilator  
  47  4:11  Warp Prism  
  47  4:12  Assimilator  
  47  4:16  Probe  
  50  4:21  Pylon  
  50  4:23  Probe  
  51  4:28  Probe  
  52  4:35  Probe  
  53  4:39  Stalker x3  
  53  4:40  Probe  
  60  4:45  Pylon  
  60  4:50  Robotics Bay, Observer  
  61  5:03  Stalker  
  61  5:06  Stalker x2  
  67  5:10  Pylon  
  67  5:11  Probe  
  67  5:13  Probe  
  57  5:19  Probe  
  58  5:26  Probe  
  60  5:33  Probe  
  61  5:41  Probe  
  61  5:42  Stalker x3  
  65  5:44  Probe  
  65  5:49  Probe  
  67  5:56  Probe  
  69  5:59  Probe  
  70  6:12  Nexus  
  70  6:13  Stalker x2  
  70  6:15  Stalker  
  70  6:17  Probe  
  77  6:19  Probe  
  77  6:21  Observer  
  78  6:28  Pylon  
  78  6:34  Colossus  
  78  6:37  Charge  
  78  6:46  Probe x2  
  86  6:47  Extended Thermal Lance  
  86  6:52  Pylon  
  86  6:56  Pylon  
  86  7:10  Probe x2  
  86  7:11  Sentry x3  
  86  7:12  Colossus  
  94  7:15  Shield Battery  
  94  7:16  Forge  
  94  7:20  Gateway  
  94  7:21  Gateway  
  94  7:22  Probe x2  
  94  7:28  Probe  
  99  7:33  Observer  
  99  7:35  Protoss Ground Weapons Level 1  
  99  7:40  Probe  
  99  7:44  Probe  
  101  7:49  Probe  
  102  7:52  Probe  
  102  7:56  Probe  
  104  8:00  Stalker x3  
  104  8:09  Colossus  
  96  8:19  Zealot x2  
  106  8:23  Zealot  
  106  8:24  Zealot  
  110  8:28  Gateway  
  110  8:32  Gateway  
  110  8:33  Pylon  
  110  8:36  Probe  
  110  8:37  Pylon  
  111  8:42  Forge  
  111  8:43  Forge  
  111  8:51  Zealot x4  
  119  8:58  Protoss Ground Armor Level 1  
  119  8:59  Forge  
  119  9:01  Assimilator  
  119  9:03  Templar Archives  
  119  9:07  Assimilator  
  119  9:16  Zealot x4  
  99  9:26  Colossus  
  99  9:31  Stalker x2  
  93  9:38  Probe x3  
  102  9:41  High Templar  
  102  9:42  Zealot x2, High Templar  
  110  9:47  Archon  
  110  9:50  Probe x3  
  113  10:01  Zealot x2  
  117  10:08  Zealot x2  
  117  10:09  Nexus  
  117  10:11  Robotics Bay, Protoss Ground Weapons Level 2  
  117  10:26  Probe, Stalker x4  
  117  10:28  Probe x2  
  119  10:38  Probe  
  119  10:40  Probe  
  121  10:43  Probe  
  121  10:48  Pylon  
  122  10:50  Probe, Stalker, Pylon  
  122  10:54  Protoss Ground Armor Level 2  
  125  11:04  Gravitic Drive  
  125  11:05  Observer  
  125  11:06  Probe, Pylon  
  125  11:07  Probe x2  
  124  11:11  Robotics Facility  
  124  11:18  Sentry x2  
  124  11:20  Zealot x4  
  124  11:21  Observer  
  124  11:25  Probe x3, Gateway  
  139  11:29  Gateway  
  140  11:35  Probe  
  140  11:37  Probe  
  140  11:46  Probe x2, Disruptor  
  140  11:51  Probe x2  
  140  11:52  High Templar x6  
  157  11:56  Archon x3  
  157  11:59  Dark Shrine  
  157  12:05  Nexus  
  157  12:17  Gateway  
  157  12:19  Gateway  
  157  12:21  Protoss Ground Weapons Level 3  
  157  12:29  Pylon, Disruptor  
  156  12:36  Disruptor  
  152  12:41  Pylon  
  152  12:42  Pylon  
  148  13:03  Gateway  
  148  13:04  Gateway  
  148  13:05  Probe x4  
  150  13:12  Shadow Stride, Observer, Disruptor x2  
  158  13:14  Zealot x2  
  158  13:15  Zealot, Observer  
  158  13:17  Photon Cannon  
  158  13:18  Shield Battery  
  158  13:19  Pylon  
  164  13:20  Pylon  
  164  13:23  Protoss Shields Level 1  
  162  13:27  Pylon  
  162  13:31  Pylon  
  162  13:40  Probe  
  162  13:41  Probe, Stalker x3, Disruptor  
  164  13:46  Observer  
  164  13:47  Disruptor  
  168  13:56  Probe x5  
  173  14:08  Probe x3  
  170  14:10  Dark Templar x5  
  170  14:11  Zealot x7  
  170  14:14  Nexus  
  191  14:23  Disruptor  
  141  14:31  Disruptor  
  141  14:37  Stalker x2  
  128  14:47  Stalker x4  
  112  14:54  Zealot x6  
  112  14:56  Disruptor  
  112  14:58  Probe x2  
  125  15:03  Dark Templar x2  
  124  15:09  Shield Battery x2  
  124  15:13  Zealot x4  
  132  15:16  Zealot x6  
  142  15:24  Disruptor  
  142  15:25  Disruptor  
  143  15:34  Dark Templar  
  143  15:35  Zealot x4  
  153  15:36  Zealot  
  157  15:46  Zealot  
  157  15:47  Zealot x4  
  163  15:59  Dark Templar x3  
  126  16:14  Stalker x3  
  126  16:15  Zealot x3  
  126  16:16  Zealot  
  126  16:17  Probe x2  
  143  16:18  Probe  
  143  16:21  Probe x2  
  145  16:29  Probe x2  
  145  16:30  Probe  
  148  16:33  Disruptor  
  148  16:38  Stalker x2  
  150  16:57  Probe x3  
  150  16:59  Pylon  
  151  17:07  Stalker x6  
  161  17:11  Probe x4  
  161  17:13  Stalker  
  161  17:21  Disruptor  
  157  17:28  Assimilator  
  157  17:31  Assimilator  
  157  17:33  Nexus  
  160  17:37  Shield Battery  
  160  17:42  Stalker x3  
  160  17:43  Zealot x5  
  176  17:45  Photon Cannon  
  176  17:46  Protoss Ground Armor Level 3  
  170  18:09  Protoss Shields Level 2  
  170  18:13  Probe  
  170  18:16  Pylon  
  171  18:20  Assimilator  
  171  18:22  Probe x2  
  171  18:23  Dark Templar  
  171  18:24  Zealot x10, Assimilator  
  195  18:32  Assimilator  
  195  18:33  Assimilator  
  195  18:37  Gateway  
  195  18:38  Gateway  
  195  18:39  Gateway  
  195  18:44  Probe x2  
  195  18:45  Probe x2  
  200  18:53  Dark Templar  
  200  19:01  Photon Cannon  
  200  19:02  Shield Battery  
  198  19:04  Pylon  
  190  19:13  Stalker x4  
  190  19:14  Stalker x5  
  200  19:37  Observer  
  200  19:38  Gravitic Boosters  
  200  19:41  Nexus  
  200  19:50  Pylon  
  194  20:12  Disruptor x2  
  191  20:20  Pylon  
  191  20:21  Dark Templar x4  
  192  20:46  Disruptor  
  192  20:48  Disruptor  
  165  21:14  Zealot x3, Disruptor  
  165  21:15  Zealot x11  
  193  21:22  Probe  
  193  21:24  Disruptor  
  197  21:45  Photon Cannon  
  180  21:47  Photon Cannon  
  180  21:48  Shield Battery  
  180  21:50  Observer  
  176  21:55  Probe x4  
  176  21:56  Probe x2  
  176  21:59  Dark Templar x4  
  176  22:00  Dark Templar x5  
  185  22:08  Probe x3  
  185  22:11  Disruptor  
  185  22:12  Photon Cannon  
  185  22:14  Photon Cannon  
  178  22:16  Shield Battery  
  178  22:20  Zealot x5  
  187  22:27  Probe x5  
  187  22:28  Probe  
  174  22:41  Zealot  
  174  22:42  Zealot x6, Dark Templar x7  
  191  23:13  Photon Cannon  
  191  23:14  Pylon  
  191  23:17  Disruptor x2  
  195  23:44  Gateway x2  
  195  23:54  Nexus  
  193  23:56  Stalker  
  193  23:57  Stalker x2  
  192  24:04  Zealot x3  
  192  24:05  Dark Templar x4  
  189  24:26  Dark Templar x2  
  189  24:27  Zealot x3  
  191  24:47  Nexus  
  165  25:08  Probe x3  
  165  25:09  Probe  
  123  25:31  Probe x4  
  123  25:33  Pylon, Dark Templar x10  
  123  25:34  Zealot x6  
Show
View Real Time Build Order
Export as new Build Order

Vindicta Terran 

Build Orders: Reaper Expand 

Get SALT Encoding   

  12  0:01  SCV  
  13  0:13  SCV  
  14  0:18  Supply Depot  
  14  0:26  SCV  
  15  0:40  SCV  
  15  0:42  Barracks  
  16  0:45  Refinery  
  16  0:52  SCV  
  17  1:04  SCV  
  18  1:16  SCV  
  19  1:28  Reaper  
  19  1:29  Orbital Command  
  20  1:43  Command Center  
  20  1:55  Supply Depot  
  20  1:56  SCV  
  20  2:00  Marine  
  22  2:08  SCV  
  23  2:12  Factory  
  23  2:18  Bunker  
  23  2:20  Marine  
  24  2:25  SCV  
  24  2:29  Refinery  
  25  2:40  Barracks Reactor, SCV  
  26  2:52  SCV  
  26  2:56  Orbital Command, Widow Mine  
  29  3:03  Starport  
  29  3:06  SCV  
  30  3:16  Marine  
  30  3:17  Marine, Widow Mine  
  30  3:19  SCV  
  35  3:22  SCV  
  36  3:34  SCV x2, Marine  
  37  3:38  Supply Depot  
  37  3:39  Factory Tech Lab  
  37  3:41  Medivac  
  41  3:46  SCV  
  41  3:47  SCV  
  43  3:49  Marine  
  43  3:52  Marine  
  45  3:58  SCV  
  45  3:59  SCV  
  47  4:07  Marine, Barracks  
  47  4:08  Factory Tech Lab  
  48  4:10  SCV  
  48  4:11  SCV  
  48  4:13  Barracks  
  50  4:18  Raven  
  50  4:22  Marine  
  53  4:24  Marine  
  53  4:29  Supply Depot  
  53  4:30  Refinery  
  54  4:31  Engineering Bay  
  54  4:33  SCV  
  54  4:40  Supply Depot  
  54  4:51  SCV x2, Marine x2, Siege Tank  
  61  4:53  Supply Depot  
  61  4:57  Terran Infantry Weapons Level 1  
  61  5:00  Barracks Tech Lab  
  61  5:06  SCV  
  61  5:08  Marine  
  61  5:12  SCV  
  63  5:16  Stimpack  
  63  5:18  SCV  
  63  5:20  Refinery  
  64  5:25  Barracks x2  
  64  5:27  Marine  
  65  5:34  Marine x2  
  63  5:39  Marine, Siege Tank  
  63  5:41  SCV  
  66  5:44  SCV  
  66  5:45  Marine  
  68  5:52  Marine  
  68  5:53  SCV, Supply Depot, Marauder  
  68  5:56  SCV  
  72  5:57  Starport Reactor  
  72  5:58  Marauder  
  74  6:08  SCV x2  
  74  6:14  Marauder  
  76  6:19  Supply Depot  
  76  6:20  SCV  
  76  6:21  SCV  
  76  6:22  Barracks Tech Lab  
  76  6:23  Siege Tank  
  76  6:25  Barracks Reactor  
  81  6:27  Supply Depot  
  81  6:28  Marine, Barracks Tech Lab  
  83  6:34  Medivac  
  83  6:36  Marine  
  83  6:37  SCV  
  83  6:38  SCV, Medivac, Marauder  
  91  6:46  Combat Shield  
  90  6:47  Marine x2  
  90  6:49  SCV  
  90  6:50  Supply Depot  
  90  6:53  Marine  
  94  6:59  Marauder  
  96  7:04  Siege Tank  
  96  7:07  Concussive Shells  
  98  7:11  Marine x2  
  98  7:12  Marauder x2  
  105  7:17  Medivac  
  105  7:20  Marine  
  107  7:27  Barracks Reactor  
  107  7:29  Marine x2  
  108  7:32  Terran Infantry Armor Level 1  
  108  7:33  Marauder  
  108  7:34  Marine  
  111  7:38  Marine  
  111  7:39  Command Center  
  109  7:47  Marine  
  109  7:50  Marine  
  111  7:52  Marauder  
  111  7:55  Marauder  
  111  7:56  SCV, Marine  
  111  7:57  Supply Depot  
  113  8:05  Marine  
  111  8:08  Marine  
  111  8:09  SCV, Marine, Siege Tank  
  111  8:10  Medivac  
  111  8:12  SCV, Marine  
  112  8:13  Marauder  
  112  8:14  Marauder  
  112  8:19  Marine  
  118  8:24  Marine  
  119  8:28  Marine  
  119  8:30  SCV  
  119  8:32  Supply Depot  
  117  8:37  Marine  
  117  8:38  Marauder  
  117  8:39  Marine  
  117  8:41  Siege Tank  
  123  8:44  SCV x2  
  123  8:45  Marine  
  124  8:48  Liberator  
  124  8:51  Liberator  
  124  8:52  Orbital Command  
  128  8:56  SCV x2  
  128  8:59  Marine  
  128  9:01  Marauder  
  133  9:07  Marauder  
  133  9:11  Marine  
  133  9:12  Marauder  
  124  9:17  SCV x2  
  124  9:18  SCV  
  112  9:26  Marine  
  112  9:27  Refinery, Marauder, Marine  
  112  9:29  SCV, Marine  
  108  9:31  Medivac  
  108  9:32  Marauder, Marine  
  108  9:33  SCV  
  108  9:34  Armory, SCV  
  108  9:35  Refinery, Engineering Bay, Marauder  
  117  9:39  Siege Tank  
  117  9:44  Marine x2  
  117  9:45  SCV x2  
  123  9:47  Marine x2  
  123  9:48  Missile Turret  
  123  9:50  Supply Depot  
  123  9:56  Marauder, Marine  
  123  9:59  SCV  
  124  10:00  Marine  
  124  10:02  SCV  
  124  10:04  SCV  
  124  10:05  Marine  
  124  10:06  Marauder  
  126  10:11  Siege Tank  
  126  10:13  SCV  
  126  10:14  Marine  
  122  10:17  Ghost Academy  
  122  10:18  Marauder x2  
  122  10:20  Marine x2  
  123  10:26  Terran Infantry Weapons Level 2  
  123  10:27  Terran Infantry Armor Level 2, Marauder  
  123  10:28  Marine  
  124  10:29  SCV  
  124  10:32  Marine  
  122  10:36  Missile Turret  
  122  10:38  Marine x2  
  122  10:39  Medivac, Marauder  
  122  10:42  Medivac  
  124  10:46  Marine  
  124  10:49  Marauder  
  127  10:53  Marine  
  127  10:54  Supply Depot  
  127  10:56  Marine x2  
  130  10:57  Ghost  
  130  11:01  Sensor Tower  
  130  11:03  Ghost  
  132  11:06  Supply Depot  
  129  11:14  Enhanced Shockwaves  
  129  11:18  Supply Depot, Marauder  
  131  11:19  Command Center  
  131  11:21  Marine  
  131  11:25  Siege Tank  
  135  11:26  Marauder  
  135  11:28  Marine  
  140  11:33  Marauder  
  140  11:40  Missile Turret  
  140  11:41  Missile Turret  
  140  11:42  Missile Turret  
  140  11:46  Marine  
  140  11:47  Marauder, Marine  
  141  11:48  Supply Depot, Marauder  
  141  11:53  Ghost  
  146  11:54  Marine  
  146  11:57  Marine  
  146  11:59  Liberator  
  151  12:05  Marine x2  
  151  12:08  Marauder  
  155  12:09  Marauder, Siege Tank  
  155  12:14  Supply Depot  
  155  12:15  SCV  
  161  12:22  Ghost  
  162  12:24  Marine  
  162  12:27  Marine  
  162  12:28  Marine  
  165  12:30  Missile Turret  
  165  12:34  Liberator  
  165  12:35  Marine  
  165  12:41  Siege Tank  
  165  12:43  SCV x2  
  159  12:52  Ghost  
  159  12:54  Refinery  
  159  12:55  Marine  
  159  12:57  Refinery  
  164  12:58  Missile Turret  
  164  13:02  Medivac  
  166  13:08  Planetary Fortress  
  166  13:11  SCV  
  167  13:17  Medivac, Siege Tank  
  167  13:19  SCV  
  173  13:23  Terran Infantry Weapons Level 3  
  170  13:30  Sensor Tower  
  170  13:32  Medivac  
  170  13:33  Marine  
  170  13:34  Marauder x2, Marine  
  178  13:35  Marine  
  178  13:36  Marine x2  
  181  13:49  Siege Tank  
  181  13:54  Ghost  
  183  13:55  Marine  
  183  13:57  Command Center  
  183  13:59  Marine  
  181  14:03  SCV x2  
  181  14:06  SCV  
  181  14:07  SCV  
  183  14:13  Marine  
  183  14:15  SCV, Marauder, Marine x2  
  189  14:21  Siege Tank  
  183  14:29  SCV x4  
  170  14:33  Medivac  
  172  14:40  Marauder, Marine  
  172  14:41  SCV  
  172  14:44  SCV x3  
  172  14:52  Liberator  
  168  14:53  SCV  
  168  14:54  Marauder, Marine  
  168  14:56  SCV x2  
  168  14:57  SCV  
  175  15:00  Refinery  
  175  15:01  Siege Tank  
  175  15:05  SCV  
  176  15:08  Medivac, Marauder  
  180  15:20  Ghost  
  182  15:22  SCV  
  182  15:23  Marauder, Marine  
  186  15:33  Siege Tank  
  186  15:34  SCV  
  186  15:35  Medivac  
  188  15:38  Liberator  
  186  15:43  SCV  
  186  15:49  Missile Turret  
  161  16:05  Liberator  
  161  16:06  Siege Tank  
  161  16:11  Marauder, Marine  
  129  16:12  Marauder, Marine  
  129  16:13  SCV, Marauder, Marine x2  
  129  16:14  SCV x2  
  123  16:24  SCV  
  121  16:26  SCV x3  
  121  16:28  Marine  
  121  16:29  Marine  
  121  16:31  Marine x2  
  130  16:33  Marauder x2  
  130  16:35  Marauder  
  130  16:37  SCV  
  130  16:38  SCV  
  136  16:40  SCV  
  136  16:43  Siege Tank  
  136  16:45  SCV  
  136  16:46  Marine  
  142  16:47  Marine  
  142  16:48  Marine x2  
  142  16:49  SCV  
  142  16:50  SCV  
  142  16:53  Ghost  
  142  16:54  Viking, Marine  
  144  16:55  Viking  
  144  16:59  SCV  
  146  17:03  SCV  
  146  17:05  SCV  
  141  17:12  Ghost  
  141  17:14  Terran Ship Weapons Level 1  
  143  17:16  Terran Infantry Armor Level 3  
  143  17:21  Planetary Fortress  
  139  17:23  Missile Turret  
  139  17:27  Marine  
  139  17:28  Marauder, Marine  
  144  17:35  Medivac  
  144  17:36  Medivac, Marine  
  149  17:38  Marine  
  149  17:39  Refinery  
  149  17:41  Marine  
  149  17:43  Refinery  
  151  17:45  Marine  
  151  17:48  Ghost, Sensor Tower  
  151  17:50  Marine  
  155  17:53  Marine, Siege Tank  
  155  17:56  Marine  
  155  17:58  Personal Cloaking  
  156  18:02  Ghost Academy  
  154  18:09  Marine  
  154  18:10  Marine x2  
  154  18:11  Marauder, Marine  
  159  18:14  Marine  
  159  18:18  Marauder  
  159  18:19  Liberator  
  165  18:22  Neosteel Armor  
  165  18:26  Marine  
  165  18:28  Marine  
  165  18:29  Marauder, Marine  
  165  18:32  Marauder, Marine  
  173  18:39  Marauder  
  175  18:43  Siege Tank  
  175  18:44  Viking, Marine  
  175  18:46  Marine  
  175  18:47  Marine  
  183  18:49  Nuke  
  183  18:50  Marine  
  183  18:52  Ghost Academy  
  183  18:54  Marauder  
  188  19:00  Command Center  
  188  19:02  Viking, Ghost  
  185  19:14  Marine  
  185  19:15  Siege Tank  
  185  19:19  Marauder, Marine  
  185  19:20  Marine  
  185  19:21  Marine  
  185  19:22  Sensor Tower, Nuke  
  178  19:27  Marine  
  179  19:32  Marauder, Marine  
  179  19:37  Marine  
  183  19:38  Marine  
  183  19:39  Sensor Tower  
  183  19:41  Marauder  
  183  19:42  Terran Vehicle Weapons Level 1  
  183  19:43  Marine  
  188  19:45  Marauder  
  188  19:47  Siege Tank  
  188  19:50  Marine  
  188  19:51  Missile Turret  
  188  19:52  Missile Turret, Marine  
  190  19:54  Marine  
  190  19:56  Marine, Nuke  
  193  20:00  Nuke  
  193  20:02  Marauder  
  197  20:08  Marine  
  197  20:10  Ghost  
  194  20:17  Marine  
  194  20:19  Marine, Siege Tank  
  194  20:23  Marine  
  194  20:26  Command Center  
  188  20:29  Marine  
  188  20:30  Marauder  
  188  20:33  Marine  
  188  20:34  SCV  
  188  20:35  SCV x3, Marine  
  185  20:42  Ghost  
  178  20:49  SCV  
  171  20:51  Ghost  
  171  20:52  Siege Tank  
  171  20:53  SCV x2  
  171  20:54  Marine  
  177  20:58  Orbital Command  
  177  21:01  Marine  
  174  21:07  SCV  
  174  21:08  SCV  
  174  21:09  SCV x2  
  167  21:18  Nuke  
  167  21:19  SCV  
  167  21:20  SCV  
  167  21:21  SCV  
  167  21:24  Ghost, Siege Tank  
  175  21:30  Marine  
  174  21:33  Marine  
  175  21:41  Ghost  
  146  21:48  Marine  
  146  21:52  Marine  
  146  21:53  Marauder  
  150  21:55  Nuke x2  
  150  21:56  Marine, Siege Tank  
  150  21:57  Marauder  
  150  21:58  Marine  
  157  22:02  Medivac  
  157  22:06  Marine  
  154  22:10  Marauder, Marine  
  154  22:13  Ghost  
  154  22:14  Marine  
  155  22:16  Marine  
  155  22:18  Marauder  
  147  22:24  Marine, Nuke  
  147  22:28  Marine, Siege Tank  
  145  22:32  SCV, Marauder, Marine  
  141  22:39  Orbital Command  
  141  22:43  Marine  
  141  22:44  Marauder  
  140  22:48  Ghost  
  140  22:50  Marine  
  139  22:51  SCV  
  139  22:56  Marine x2  
  139  22:57  Marauder  
  139  23:01  Marine  
  139  23:02  SCV x2  
  139  23:04  SCV  
  141  23:06  Marine  
  141  23:10  Marine  
  143  23:14  SCV  
  143  23:15  SCV, Marine  
  143  23:17  Marauder  
  144  23:28  Marine  
  144  23:31  Planetary Fortress  
  147  23:35  Marine  
  147  23:36  Marine  
  147  23:37  Marine  
  148  23:41  Refinery  
  148  23:42  Refinery  
  148  23:47  Marauder, Marine  
  151  23:50  Ghost  
  151  23:53  Missile Turret  
  151  23:54  Marine  
  144  23:56  Marine  
  144  24:02  Marine  
  146  24:06  Nuke  
  146  24:07  Marine  
  146  24:09  Marine  
  127  24:11  Supply Depot  
  127  24:12  Supply Depot  
  123  24:20  Marine  
  123  24:21  Marauder  
  109  24:24  Marine  
  109  24:25  Marauder, Marine  
  109  24:29  Marine  
  109  24:30  Marine  
  114  24:38  Marine  
  114  24:42  Marine x2  
  114  24:43  Marine, Nuke  
  116  24:50  Ghost  
  106  25:04  Marauder, Marine x2  
  102  25:10  Marine  
  102  25:11  Marauder  
  103  25:19  Ghost  
  89  25:23  Marine  
  89  25:25  Marine  
  87  25:31  Marine  
  87  25:33  SCV  
Tags
 
Add a new tag
Caveats
  • Supply blocks, unpowered buildings, or Contaminate may cause inaccurate times.
  • Supply counts are checked every 10 seconds.